Map: Thunderbird LE

Players

Serral

  • Race: Zerg Zerg
  • League: Grandmaster
  • Spawn Location: 5:00

TYTY (TY) - Winner!

  • Race: Terran Terran
  • League: Master
  • Spawn Location: 11:00

Event: HomeStory Cup XIX

VOD

Have the link to the VOD?

Description

Time

  • Played on: June 30, 2019, 12:06 p.m.
  • Length: 23:30

All games in this series

Show
View Real Time Build Order
Export as new Build Order

Serral Zerg 

Build Orders: Hatch First 

Get SALT Encoding   

  12  0:00  Drone  
  13  0:14  Overlord  
  13  0:17  Drone  
  14  0:33  Drone x2  
  16  0:48  Hatchery  
  15  0:51  Drone  
  15  0:55  Drone  
  17  0:58  Drone  
  18  1:09  Extractor  
  17  1:13  Spawning Pool  
  17  1:16  Drone  
  17  1:19  Drone  
  18  1:29  Drone  
  19  1:40  Drone  
  20  1:52  Overlord  
  20  2:00  Queen x2  
  20  2:01  Zergling x4  
  26  2:11  Drone  
  26  2:13  Drone  
  26  2:14  Metabolic Boost  
  29  2:22  Drone  
  29  2:24  Drone  
  30  2:34  Hatchery  
  29  2:41  Queen  
  29  2:44  Drone  
  31  2:49  Overlord  
  32  2:51  Drone  
  32  2:53  Drone  
  32  2:56  Drone  
  32  2:57  Drone  
  35  3:09  Drone x2  
  37  3:14  Overlord  
  37  3:15  Drone x2  
  37  3:16  Drone  
  40  3:21  Queen  
  40  3:24  Zergling x2  
  43  3:27  Zergling x2  
  43  3:33  Overlord  
  44  3:37  Zergling x2  
  44  3:40  Drone x3  
  48  3:43  Drone  
  48  3:46  Drone  
  50  3:50  Overlord  
  50  3:51  Queen  
  50  3:53  Drone x2  
  50  3:54  Drone  
  55  3:56  Queen  
  55  4:01  Zergling x2  
  58  4:02  Overlord  
  58  4:10  Zergling x2, Baneling Nest  
  58  4:11  Drone x2  
  58  4:13  Overlord  
  58  4:15  Drone  
  61  4:22  Zergling x2  
  61  4:23  Overlord  
  61  4:24  Drone x2  
  64  4:27  Evolution Chamber  
  64  4:28  Evolution Chamber  
  64  4:29  Drone x2  
  64  4:32  Drone, Extractor  
  64  4:33  Drone  
  64  4:40  Drone x4  
  64  4:45  Spore Crawler  
  67  4:46  Drone x3  
  67  4:47  Drone  
  71  4:54  Extractor  
  71  4:55  Zerg Ground Armor Level 1, Zerg Melee Weapons Level 1  
  71  4:57  Drone x3  
  73  5:01  Drone  
  73  5:04  Drone  
  73  5:05  Drone x2, Extractor  
  73  5:06  Extractor  
  74  5:08  Drone  
  74  5:09  Spore Crawler  
  74  5:10  Drone x2  
  76  5:14  Lair  
  76  5:16  Drone  
  76  5:18  Zergling x4  
  79  5:22  Zergling x2  
  79  5:23  Zergling x2  
  79  5:28  Hatchery  
  80  5:30  Drone x2  
  80  5:31  Drone  
  80  5:34  Drone  
  80  5:35  Drone  
  85  5:39  Drone x3  
  85  5:40  Drone  
  89  5:42  Overlord  
  89  5:43  Overlord  
  89  5:45  Overlord  
  89  5:48  Overlord  
  89  5:53  Extractor  
  88  6:00  Zergling x2  
  88  6:03  Zergling x10  
  88  6:04  Zergling x4  
  96  6:08  Zergling x8  
  100  6:14  Zergling x8  
  97  6:32  Drone  
  97  6:33  Drone  
  97  6:34  Zergling x10  
  97  6:35  Queen  
  97  6:36  Extractor  
  97  6:37  Baneling x7  
  97  6:38  Baneling  
  97  6:39  Queen  
  104  6:42  Baneling x3  
  104  6:43  Drone x4  
  104  6:46  Drone  
  104  6:47  Zergling x6  
  112  6:48  Spore Crawler  
  112  6:50  Centrifical Hooks  
  112  6:54  Zerg Ground Armor Level 2, Zerg Melee Weapons Level 2  
  112  6:59  Drone  
  112  7:00  Drone x3  
  116  7:08  Zergling x8  
  116  7:12  Zergling x2  
  116  7:13  Zergling x2  
  121  7:27  Drone  
  121  7:28  Hydralisk Den, Drone x4  
  121  7:29  Drone x2  
  127  7:30  Drone  
  127  7:32  Infestation Pit, Baneling  
  127  7:33  Baneling x3  
  127  7:34  Overlord x3  
  127  7:36  Overlord  
  127  7:37  Overlord  
  127  7:41  Overlord  
  125  7:48  Drone  
  125  7:49  Zergling x2  
  127  7:55  Hatchery, Overlord  
  127  7:57  Muscular Augments  
  126  7:59  Hydralisk  
  126  8:00  Hydralisk x2  
  126  8:01  Hydralisk x2, Zergling x2  
  126  8:02  Zergling x14  
  126  8:04  Baneling x8  
  143  8:10  Zergling x2  
  142  8:12  Baneling  
  142  8:13  Baneling x11  
  142  8:16  Zergling x8  
  142  8:17  Spore Crawler  
  145  8:20  Zergling x14  
  151  8:29  Hive  
  151  8:33  Zergling x16  
  155  8:46  Drone  
  155  8:47  Drone  
  148  8:49  Drone x2  
  148  8:50  Hatchery  
  148  8:52  Hydralisk  
  148  8:53  Hydralisk, Zergling x14  
  159  9:00  Overlord  
  159  9:03  Zergling x8  
  159  9:08  Hydralisk x3, Grooved Spines  
  165  9:20  Extractor x2  
  165  9:22  Overlord  
  165  9:23  Drone x4  
  165  9:31  Hydralisk x2  
  165  9:32  Zergling x4  
  165  9:33  Zergling x2  
  165  9:34  Zergling x6  
  172  9:42  Hatchery  
  172  9:43  Zerg Ground Armor Level 3, Zerg Melee Weapons Level 3  
  172  9:44  Adrenal Glands  
  167  9:53  Ultralisk Cavern  
  167  9:59  Viper x3  
  174  10:04  Zergling x26  
  185  10:11  Overseer  
  184  10:20  Zergling x24  
  192  10:26  Drone x5  
  192  10:27  Drone x3, Spore Crawler  
  192  10:28  Spore Crawler x2  
  192  10:29  Spore Crawler  
  191  10:44  Hydralisk x4  
  191  10:48  Chitinous Plating  
  198  10:51  Zergling x8  
  198  10:52  Zergling x2  
  197  10:57  Baneling x17  
  195  11:11  Zergling x10  
  195  11:20  Zergling x16  
  195  11:23  Baneling x11  
  199  11:32  Baneling x7  
  181  11:43  Ultralisk x3  
  191  11:47  Extractor x2  
  191  11:48  Drone  
  191  11:49  Drone x5  
  191  11:51  Nydus Network  
  191  11:52  Nydus Network  
  193  11:54  Zergling x12  
  199  12:07  Anabolic Synthesis  
  196  12:16  Zergling x8  
  196  12:21  Baneling  
  196  12:22  Overseer  
  199  12:23  Overseer  
  199  12:26  Zerg Missile Weapons Level 1, Overseer  
  198  12:32  Nydus Canal  
  198  12:33  Nydus Canal  
  198  12:44  Zergling x2  
  198  12:45  Zergling x6  
  189  12:54  Viper x2  
  189  12:57  Nydus Canal x2  
  192  13:01  Drone, Spore Crawler  
  192  13:02  Drone  
  192  13:04  Spore Crawler x2  
  191  13:06  Baneling  
  191  13:07  Baneling x8  
  191  13:12  Nydus Canal x2  
  191  13:13  Zergling x16  
  191  13:16  Pneumatized Carapace  
  199  13:20  Hatchery  
  199  13:24  Overlord  
  198  13:30  Nydus Canal  
  198  13:31  Nydus Canal  
  198  13:34  Baneling x11  
  194  13:48  Nydus Canal x2  
  175  13:49  Zergling x16  
  175  13:50  Zergling x20  
  175  13:52  Zergling x20  
  176  13:57  Zergling x2, Ultralisk x2  
  176  13:58  Zergling x26, Spire, Overlord  
  176  13:59  Spire  
  176  14:02  Baneling x19  
  197  14:03  Zergling x2  
  197  14:06  Overlord x2  
  198  14:10  Overlord  
  198  14:12  Overseer  
  198  14:17  Overseer  
  198  14:19  Hatchery  
  197  14:30  Zergling x10, Ultralisk x2  
  197  14:36  Zergling x2  
  197  14:37  Zergling x6  
  196  14:39  Overseer  
  196  14:49  Baneling  
  196  14:50  Baneling x12  
  196  14:51  Zergling x6  
  199  14:55  Overseer  
  199  15:02  Nydus Canal x2  
  197  15:24  Zergling x14  
  197  15:28  Zergling x16  
  199  15:33  Nydus Canal  
  199  15:34  Nydus Canal  
  182  15:40  Zerg Flyer Weapons Level 1, Zerg Flyer Armor Level 1, Corruptor  
  182  15:41  Corruptor x10  
  184  15:46  Drone  
  184  15:47  Drone  
  186  15:50  Baneling x8  
  180  16:03  Corruptor x5  
  190  16:10  Extractor x2  
  185  16:25  Drone x2  
  185  16:26  Drone  
  185  16:27  Zergling x6, Overseer  
  185  16:28  Overseer  
  191  16:35  Zergling x6  
  191  16:37  Ultralisk  
  200  16:40  Baneling x15  
  199  16:52  Nydus Canal  
  199  16:57  Zergling x2  
  195  17:21  Zergling x28, Ultralisk x2  
  179  17:26  Zergling x26, Ultralisk  
  175  17:34  Corruptor x3  
  175  17:35  Greater Spire, Zerg Flyer Weapons Level 2  
  181  17:40  Baneling x10  
  181  17:46  Spore Crawler  
  180  17:51  Baneling x3  
  180  17:54  Baneling x6  
  180  18:03  Hatchery  
  178  18:09  Zergling x14, Ultralisk  
  178  18:11  Baneling x4  
  190  18:20  Zergling x6  
  190  18:24  Zergling x6  
  191  18:40  Zergling x6  
  193  18:54  Zergling x8, Ultralisk  
  184  18:58  Zergling x26  
  184  19:02  Baneling x10  
  187  19:05  Zerg Flyer Armor Level 2  
  187  19:16  Ultralisk  
  193  19:18  Overlord  
  193  19:19  Overlord  
  193  19:24  Baneling x15  
  193  19:25  Baneling  
  183  19:40  Zergling x28, Ultralisk  
  183  19:41  Zergling x14  
  183  19:45  Zergling x18  
  191  20:05  Baneling x4, Overseer  
  191  20:06  Baneling x8  
  188  20:10  Hatchery  
  188  20:11  Overseer x2  
  187  20:18  Zergling x18  
  195  20:27  Zergling x8  
  190  20:32  Overlord  
  190  20:34  Baneling  
  190  20:35  Baneling x12  
  190  20:46  Zergling x10  
  195  20:52  Baneling x9  
  189  21:01  Ultralisk  
  189  21:02  Zergling x8  
  178  21:06  Hatchery  
  178  21:10  Zergling x26  
  169  21:27  Overlord x3  
  169  21:28  Overseer x2, Corruptor x2  
  169  21:30  Baneling x8  
  179  21:32  Ultralisk  
  179  21:34  Zergling x6  
  179  21:36  Zergling x4  
  179  21:39  Overseer  
  184  21:44  Zergling x2  
  165  22:08  Zergling x34, Ultralisk x2  
  161  22:11  Baneling x18  
  162  22:17  Overseer x2  
  162  22:23  Overseer  
  162  22:29  Baneling x4  
  162  22:33  Nydus Canal  
  162  22:35  Zergling x28  
  176  22:43  Nydus Canal  
  176  22:44  Zergling x6  
  177  22:53  Zergling x2  
  177  22:54  Zergling x8  
  167  23:09  Zergling x18  
Show
View Real Time Build Order
Export as new Build Order

TYTY Terran - Winner!

Build Orders: Reaper Expand 

Get SALT Encoding   

  12  0:00  SCV  
  13  0:12  SCV  
  14  0:18  Supply Depot  
  14  0:24  SCV  
  15  0:40  SCV  
  15  0:41  Barracks  
  16  0:44  Refinery  
  16  0:52  SCV  
  17  1:04  SCV  
  18  1:16  SCV  
  19  1:29  Reaper  
  19  1:31  Orbital Command  
  20  1:38  Command Center  
  20  1:48  Supply Depot  
  20  1:57  SCV  
  20  2:01  Marine  
  21  2:06  Factory  
  22  2:09  SCV  
  23  2:21  Barracks Reactor, SCV  
  24  2:33  SCV  
  25  2:40  Command Center  
  25  2:45  SCV  
  25  2:51  Orbital Command  
  26  2:57  SCV  
  27  2:58  Starport  
  27  3:00  Marine  
  27  3:02  Marine  
  29  3:09  Refinery, SCV  
  30  3:14  Factory Tech Lab  
  30  3:18  Marine  
  30  3:19  SCV  
  32  3:20  Marine  
  32  3:21  SCV  
  34  3:31  SCV  
  34  3:33  SCV  
  36  3:35  Viking  
  36  3:36  Marine  
  36  3:38  Marine  
  40  3:44  SCV  
  40  3:46  SCV  
  42  3:53  Orbital Command  
  43  3:56  SCV  
  43  3:58  SCV  
  43  4:01  Barracks  
  44  4:03  Barracks  
  44  4:04  Stimpack  
  44  4:07  Marine  
  44  4:08  SCV  
  46  4:10  SCV, Starport Reactor  
  46  4:16  Factory Tech Lab  
  47  4:20  Factory Reactor, SCV  
  47  4:21  SCV  
  47  4:22  SCV  
  49  4:27  Marine  
  50  4:32  SCV  
  50  4:33  Supply Depot x2  
  50  4:34  SCV x2  
  53  4:38  Engineering Bay  
  53  4:40  Engineering Bay  
  53  4:43  Refinery  
  53  4:44  Refinery, SCV  
  54  4:45  Marine  
  54  4:46  SCV x2  
  54  4:51  Marine x2  
  60  4:56  Orbital Command, SCV  
  60  5:00  Medivac  
  60  5:03  Marine x2, Medivac  
  60  5:04  Supply Depot  
  60  5:05  SCV  
  67  5:08  SCV  
  67  5:10  Marine x3  
  67  5:11  Factory Tech Lab  
  71  5:18  SCV, Supply Depot  
  71  5:19  Terran Infantry Weapons Level 1  
  71  5:21  Marine x2  
  72  5:22  SCV  
  72  5:23  SCV  
  72  5:25  Terran Infantry Armor Level 1  
  76  5:30  SCV, Supply Depot  
  76  5:34  SCV  
  76  5:35  Marine x3  
  78  5:39  Marine  
  78  5:40  SCV  
  78  5:41  Medivac  
  78  5:42  Marine, SCV  
  86  5:44  Medivac  
  86  5:49  SCV  
  90  5:50  Supply Depot  
  90  5:52  SCV  
  90  5:53  Marine  
  90  5:55  Barracks x2, SCV  
  90  5:57  Refinery  
  93  5:59  Siege Tank  
  93  6:01  Marine x2  
  93  6:02  Marine  
  93  6:03  Marine  
  100  6:10  Supply Depot  
  100  6:16  SCV x3  
  103  6:23  Marine x2  
  105  6:30  Marine x3  
  103  6:33  Siege Tank  
  103  6:34  SCV  
  103  6:37  Armory  
  103  6:40  Marine  
  103  6:41  Marine, Liberator, SCV x2  
  103  6:43  Barracks Reactor, Command Center  
  103  6:44  Refinery  
  103  6:45  Liberator, Factory  
  103  6:46  Barracks Reactor  
  107  6:50  Marine x2  
  107  6:53  Supply Depot  
  112  7:00  Marine x2  
  115  7:07  Combat Shield  
  117  7:14  Supply Depot  
  117  7:15  Siege Tank, Marine x2, Supply Depot  
  122  7:19  Marine  
  125  7:23  Supply Depot  
  125  7:25  Terran Infantry Weapons Level 2, Marine x3  
  125  7:35  Factory Tech Lab  
  125  7:36  Marine x4  
  129  7:41  Marine x2  
  129  7:42  Marine x2  
  129  7:43  Marine, Medivac  
  136  7:48  SCV  
  136  7:49  Siege Tank  
  142  7:53  Marine x4  
  142  7:55  Siege Tank  
  142  7:58  SCV x2  
  149  8:00  Marine x2, SCV  
  149  8:01  Marine x3  
  155  8:11  Marine x4  
  154  8:18  Marine  
  154  8:19  SCV x2  
  157  8:22  Terran Infantry Armor Level 2  
  157  8:25  Planetary Fortress  
  158  8:27  Siege Tank  
  158  8:28  Siege Tank  
  158  8:31  SCV  
  163  8:34  SCV x2  
  163  8:39  Terran Vehicle Weapons Level 1  
  158  8:41  Command Center  
  158  8:43  SCV  
  158  8:46  SCV  
  158  8:47  Sensor Tower  
  156  8:54  SCV  
  162  8:55  SCV  
  162  8:56  Refinery x2  
  162  8:57  Supply Depot  
  158  9:05  SCV  
  158  9:06  SCV  
  158  9:07  SCV  
  161  9:11  Barracks, SCV  
  161  9:14  Barracks  
  161  9:15  Barracks  
  162  9:17  SCV, Sensor Tower  
  162  9:21  Command Center  
  162  9:23  SCV  
  162  9:24  SCV x2  
  169  9:27  Liberator  
  169  9:29  SCV  
  171  9:33  Liberator  
  171  9:35  SCV  
  171  9:36  SCV  
  171  9:37  SCV  
  171  9:42  Ghost Academy  
  172  9:45  Starport  
  172  9:46  Starport  
  172  9:48  SCV  
  172  9:50  SCV  
  170  9:53  Supply Depot  
  170  9:54  Supply Depot  
  170  9:55  Fusion Core  
  170  10:04  SCV  
  173  10:10  Siege Tank x2  
  173  10:12  Liberator  
  174  10:18  Terran Infantry Weapons Level 3  
  174  10:21  Marine x2  
  174  10:22  Marine x2, Barracks Tech Lab x3  
  174  10:28  Liberator  
  167  10:30  Starport Reactor  
  167  10:31  Starport Tech Lab  
  167  10:33  Missile Turret  
  167  10:35  Missile Turret  
  168  10:36  SCV  
  168  10:37  SCV  
  168  10:39  Missile Turret  
  168  10:42  Sensor Tower  
  170  10:44  Siege Tank  
  170  10:49  Marauder, Marine x6  
  187  10:51  Orbital Command  
  187  10:54  Refinery x2  
  187  10:55  Missile Turret  
  186  10:58  Planetary Fortress  
  186  10:59  SCV x2  
  186  11:00  SCV  
  186  11:02  Terran Vehicle Weapons Level 2, Terran Infantry Armor Level 3  
  186  11:07  Sensor Tower  
  186  11:09  Marine x5  
  188  11:14  Viking x2  
  191  11:23  Advanced Ballistics, Missile Turret  
  191  11:24  Viking x2  
  192  11:41  SCV  
  192  11:45  Missile Turret x2  
  188  11:48  Viking x2  
  188  11:49  Viking  
  188  11:51  Personal Cloaking  
  192  11:54  Viking  
  192  12:00  Liberator  
  192  12:01  Liberator x2  
  194  12:10  Armory  
  184  12:17  Ghost x3  
  198  12:24  Command Center  
  198  12:28  Ghost  
  198  12:30  Command Center, Missile Turret  
  198  12:31  Command Center  
  198  12:36  Ghost Academy x3  
  198  12:37  Liberator x2  
  198  12:42  Liberator  
  198  12:48  Liberator  
  175  12:56  Siege Tank x2  
  185  12:59  Ghost  
  185  13:00  Orbital Command  
  185  13:04  SCV  
  193  13:10  Nuke  
  194  13:13  Marine x4  
  194  13:17  Nuke  
  194  13:18  Nuke  
  198  13:25  Command Center  
  198  13:34  Terran Vehicle And Ship Armor Level 1, Missile Turret, Terran Ship Weapons Level 1  
  198  13:35  Missile Turret  
  198  13:39  Missile Turret  
  188  13:51  Siege Tank  
  188  13:52  Orbital Command  
  179  14:00  Missile Turret  
  179  14:01  Missile Turret  
  179  14:02  SCV x2  
  177  14:03  SCV  
  178  14:11  Nuke x2  
  178  14:12  SCV  
  178  14:16  SCV x4  
  183  14:19  Ghost x3  
  183  14:21  Siege Tank, Command Center  
  183  14:23  Siege Tank  
  191  14:31  Ghost  
  193  14:43  Nuke  
  193  14:44  SCV x3, Planetary Fortress  
  196  14:47  Ghost x2  
  196  14:49  Planetary Fortress  
  196  14:52  Nuke  
  200  15:01  Missile Turret  
  200  15:02  Missile Turret  
  200  15:08  Marine  
  200  15:09  Marine  
  200  15:13  Command Center  
  192  15:29  SCV x2  
  192  15:30  SCV  
  192  15:31  SCV  
  191  15:37  Siege Tank x2  
  191  15:41  SCV  
  194  15:55  Orbital Command  
  194  15:59  Medivac  
  194  16:00  Medivac x2  
  194  16:01  Orbital Command  
  198  16:07  Nuke  
  198  16:11  Missile Turret x2  
  198  16:16  Terran Vehicle Weapons Level 3, Terran Vehicle And Ship Armor Level 2  
  198  16:30  Missile Turret  
  198  16:32  Orbital Command  
  198  16:42  Command Center  
  198  16:52  Nuke x3  
  196  17:08  Ghost x2  
  177  17:25  SCV  
  177  17:27  Liberator x2, Ghost x2  
  166  17:31  Marine x6  
  166  17:32  Marine x2  
  166  17:33  Nuke  
  166  17:36  Siege Tank x2, Ghost  
  166  17:37  Ghost  
  183  17:47  Missile Turret  
  189  17:52  Missile Turret  
  189  17:53  Missile Turret  
  189  17:55  Marine x2, Ghost x2  
  189  17:56  Marine x4  
  199  18:03  Planetary Fortress  
  199  18:05  Ghost  
  200  18:24  Command Center  
  198  18:29  Sensor Tower  
  198  18:34  Planetary Fortress  
  198  18:37  Ghost x2  
  200  18:42  Orbital Command  
  191  19:01  Missile Turret x2  
  191  19:02  Command Center, Medivac x2  
  193  19:04  Siege Tank x2  
  193  19:07  Missile Turret x2  
  199  19:10  Marine  
  200  19:17  Command Center  
  200  19:31  Liberator x4  
  200  19:32  Liberator  
  196  19:45  Siege Tank x2  
  180  19:51  Marine  
  180  19:52  Marauder x2  
  200  19:57  Terran Vehicle And Ship Armor Level 3, Unknown  
  200  19:58  Unknown  
  200  20:02  Missile Turret  
  200  20:04  Missile Turret  
  199  20:28  Siege Tank  
  198  20:29  Planetary Fortress  
  198  20:37  Marine x2, Nuke x2  
  200  20:46  Missile Turret  
  200  20:47  Missile Turret  
  200  20:48  Missile Turret  
  200  20:51  Marine x2  
  200  20:57  Command Center  
  200  21:00  Siege Tank  
  164  21:06  Marauder x2, Marine x4  
  164  21:09  SCV x5  
  164  21:10  Marine x4  
  161  21:18  Planetary Fortress  
  161  21:19  Marine x2  
  161  21:21  SCV x5  
  161  21:22  Siege Tank  
  161  21:24  Marine x2  
  173  21:32  Siege Tank  
  176  21:34  Marine x2, Marauder x2  
  176  21:36  Marine x4  
  176  21:37  Marine  
  187  21:40  Marine  
  187  21:42  Marine x2  
  187  21:46  Missile Turret x2  
  190  21:48  Missile Turret  
  190  21:51  Missile Turret  
  190  21:52  Marine x2  
  190  21:53  Marine  
  190  21:54  Marine x2  
  187  22:07  Marauder x2, Marine x2  
  177  22:11  Siege Tank x2  
  183  22:21  Marine x6  
  189  22:27  Marine x2  
  189  22:28  Marine x2  
  190  22:42  SCV x2  
  190  22:43  Siege Tank  
  198  22:45  Viking  
  198  22:46  Planetary Fortress  
  196  22:57  Viking  
Tags
 
Add a new tag
Caveats
  • Supply blocks, unpowered buildings, or Contaminate may cause inaccurate times.
  • Supply counts are checked every 10 seconds.